 Dungeon Crawl Stone Soup version 0.31.0-1-g2c135a008e (webtiles) character file.

Game seed: 6828523518784624049

39 qw the Shooter (level 3, 0/28 HPs)
             Began as a Djinni Hunter on Jan 23, 2024.
             Slain by a ribbon worm (2 damage)
             ... on level 2 of the Dungeon.
             The game lasted 00:00:03 (835 turns).

qw the Shooter (Djinni Hunter)                       Turns: 835, Time: 00:00:03

Health: 0/28       AC:  5    Str: 10    XL:     3   Next: 70%
Gold:   12         EV: 11    Int: 10    God:
                   SH:  0    Dex: 18

rFire   + . .        a - +0 shortbow
rCold   . . .        (shield currently unavailable)
rNeg    . . .        e - +0 ring mail
rPois   inf          (no helmet)
rElec   .            (no cloak)
rCorr   .            (no gloves)
SInv    .            (boots unavailable)
Will    .....        (no amulet)
Stlth   +            d - ring of ice
HPRegen 0.24/turn    (no ring)
MPRegen 0.00/turn

%: infuse magic (-1 HP)
@: flying
A: sickness immunity, fire resistance 2, cold vulnerability 1, float, innate
caster, HP casting, extra vitality 1
a: no special abilities


You were on level 2 of the Dungeon.
You visited 1 branch of the dungeon, and saw 2 of its levels.

You collected 12 gold pieces.


Innate Abilities, Weirdness & Mutations

You are immune to sickness and miasma.
You are immune to poison.
Your flesh is very heat resistant. (rF++)
You are vulnerable to cold. (rC-)
You float through the air rather than walking.
You learn spells naturally, not from books.
Your magical power is your life essence.
You have superior vitality. (+4 MHP)


   Skills:
 + Level 2.1 Fighting
 - Level 4.0 Ranged Weapons
 - Level 1.3 Armour
 - Level 2.1 Dodging
 - Level 0.7 Stealth


You knew the following spells:

 Your Spells              Type           Power      Damage    Failure   Level
a - Shock                 Conj/Air       0%         1d3       67%         1
Your spell library was empty.

Inventory:

Hand Weapons
 a - a +0 shortbow (weapon)
Armour
 e - a +0 ring mail (worn)
Jewellery
 d - a ring of ice (left hand)
Potions
 g - a potion of might {unknown}
 i - a potion of degeneration {unknown}

Dungeon Overview and Level Annotations

Branches:
Dungeon (2/15)

Altars:


Message History

The kobold hits you but does no damage. The endoplasm closely misses you.
The kobold hits you with a +0 short sword.
The kobold hits you with a +0 short sword of speed.
You shoot an arrow.
The arrow hits the kobold but does no damage.
The kobold barely misses you. The endoplasm barely misses you.
The kobold closely misses you. x2; The kobold hits you but does no damage.
The endoplasm barely misses you.
You shoot an arrow. The arrow hits the kobold!
You kill the kobold!
The kobold misses you.
The endoplasm hits you but does no damage.
The kobold hits you with a +0 short sword of speed.
You shoot an arrow.
The arrow barely misses the ribbon worm.
The kobold barely misses you. The endoplasm freezes you.
You are frozen.
The ribbon worm bites you.
The kobold hits you with a +0 short sword of speed.
The endoplasm hits you but does no damage.
You shoot an arrow. The arrow hits the ribbon worm.
The ribbon worm is lightly wounded.
The kobold hits you but does no damage. The endoplasm barely misses you.
The kobold barely misses you.
You shoot an arrow. The arrow hits the ribbon worm.
The ribbon worm is lightly wounded.
The kobold barely misses you.
The ribbon worm bites you but does no damage.
An endoplasm comes into view.
The endoplasm freezes you.
You are frozen.
The ribbon worm expels a string of sticky webbing.
The stream of webbing hits you but does no damage.
You are caught in a web!
The kobold hits you but does no damage.
The web tears apart.
The endoplasm freezes you.
You are frozen.
The ribbon worm bites you but does no damage.
The kobold barely misses you. The ribbon worm bites you.
You die...

....# #..
#...# #...
#...# ..J#
#...# ...
#####...####.#
.............#
.........JKw.#
..........@w.#
#####)..####.#
###...### ..
#...<...# .#
.....#...#.#
..
####.#...#.#
.. . ....# # #
# .#...#
.......


You could see 2 ribbon worms, 2 endoplasms and a kobold.

Vanquished Creatures
  An adder (D:2)
  A dart slug (D:2)
  2 endoplasms (D:1)
  3 giant cockroaches
  2 goblins
  3 hobgoblins (D:1)
  4 kobolds
  2 quokkas (D:1)
  4 bats
  A frilled lizard (D:1)
  2 rats (D:1)
25 creatures vanquished.

Notes
Turn   | Place    | Note
-------+----------+-------------------------------------------
     0 | D:1      | qw the Djinni Hunter began the quest for the Orb.
     0 | D:1      | Reached XP level 1. HP: 18/18 MP: 0/0
     0 | D:1      | 0 ||| qw: Version: 0.3-a-135-gb77e89d
     0 | D:1      | 0 ||| qw: Game counter: 825
     0 | D:1      | 0 ||| qw: Melee chars always use a shield: true
     0 | D:1      | 0 ||| qw: God list: Okawaru
     0 | D:1      | 0 ||| qw: Allow faded altars: false
     0 | D:1      | 0 ||| qw: Do Orc after clearing Dungeon:15 true
     0 | D:1      | 0 ||| qw: Do second Lair branch before Depths: true
     0 | D:1      | 0 ||| qw: Lair rune preference: random
     0 | D:1      | 0 ||| qw: Goals: Normal
     0 | D:1      | 0 ||| PLANNING D:1-11
    54 | D:1      | Found a faded altar of an unknown god.
   288 | D:1      | Reached XP level 2. HP: 23/23 MP: 0/0
   713 | D:1      | 713 ||| UPGRADING to +0 ring mail.
   723 | D:1      | 723 ||| DROPPING +0 leather armour.
   724 | D:1      | 724 ||| UPGRADING to ring of ice.
   725 | D:1      | 725 ||| READING scroll labelled XYLUQIUGETT.
   726 | D:1      | 726 ||| READING scroll labelled XAIBIU CAOZASO.
   727 | D:1      | 727 ||| READING scroll labelled GOFROIMESH.
   731 | D:1      | 731 ||| READING scroll labelled GUAMPO ROCAGH.
   731 | D:1      | 731 ||| ENCHANTING +0 shortbow.
   732 | D:1      | 732 ||| DROPPING scroll of butterflies.
   754 | D:2      | Reached XP level 3. HP: 28/28 MP: 0/0
   754 | D:2      | Learned a level 1 spell: Shock
   754 | D:2      | 754 ||| STAIRDANCE
   762 | D:1      | Reached skill level 4 in Ranged Weapons
   764 | D:2      | 764 ||| STAIRDANCE
   826 | D:2      | Reached skill level 1 in Armour
   834 | D:2      | HP: 6/28 [frozen (3)]
   835 | D:2      | HP: 2/28 [frozen (4)]
   835 | D:2      | Slain by a ribbon worm

Levels and vault maps discovered:
D:1:      dpeg_arrival_refuge, layout_basic, shapermc_ecumenical_altar_gd
D:2:      layout_loops_cross, minmay_circle_x, uniq_crazy_yiuf_cottage

Skill      XL: |  1  2  3 |
---------------+----------+-----
Ranged Weapons | 4 |  4.0
Armour         | 1 |  1.3
Fighting       | |  2.1
Dodging        | |  2.1
Stealth        | |  0.7

Action                     || total
---------------------------++-------
   Fire: Shortbow          ||    76
    Use: Scroll            ||     4
 Armour: Leather armour    ||     4
         Ring mail         ||    44
  Dodge: Dodged            ||    46

Table legend:
 A = Non-vault XP
 B = Vault XP
 C = Vault XP percentage of total XP
 D = Non-vault monster count
 E = Vault monster count
 F = Vault count percentage of total count
                 A         B        C        D         E       F
            +---------+---------+-------+---------+---------+-------
      Total |      42 |      15 |  26.3 |      22 |       3 |  12.0
            +---------+---------+-------+---------+---------+-------
        D:1 |      34 |       0 |   0.0 |      19 |       0 |   0.0
        D:2 |       8 |      15 |  65.2 |       3 |       3 |  50.0
            +---------+---------+-------+---------+---------+-------
